Map: Pillars of Gold LE

Players

MaSa

  • Race: Terran Terran
  • Spawn Location: 1:00

Scarlett - Winner!

  • Race: Zerg Zerg
  • Spawn Location: 7:00

Event: DreamHack SC2 Masters 2020 Summer North America

VOD

Have the link to the VOD?

Description

Time

  • Played on: June 30, 2020, 5:15 p.m.
  • Length: 7:30

All games in this series

Show
View Real Time Build Order
Export as new Build Order

MaSa Terran 

Build Orders:  

Get SALT Encoding   

  12  0:00  SCV  
  13  0:12  SCV  
  14  0:20  Supply Depot  
  14  0:24  SCV  
  15  0:42  Barracks  
  15  0:52  Barracks  
  15  0:56  SCV  
  16  1:05  Refinery  
  16  1:08  SCV  
  17  1:28  Marine  
  17  1:29  Orbital Command  
  18  1:39  Bunker  
  18  1:40  Marine  
  18  1:46  Marine  
  20  1:49  Supply Depot  
  20  1:56  SCV  
  20  2:00  Marine  
  21  2:14  SCV  
  21  2:15  Marine  
  23  2:17  Factory  
  23  2:24  Bunker  
  23  2:30  Bunker  
  23  2:33  Marine  
  23  2:35  Marine  
  25  2:40  SCV  
  26  2:50  Refinery  
  26  2:52  SCV  
  26  2:55  Marine  
  26  3:08  Marine  
  26  3:10  Factory Tech Lab  
  26  3:11  SCV  
  22  3:13  Starport, Marine  
  23  3:25  SCV  
  24  3:28  Cyclone  
  27  3:37  Supply Depot, SCV  
  27  3:54  Starport Tech Lab  
  25  3:59  SCV  
  25  4:00  Supply Depot  
  26  4:21  Banshee  
  26  4:22  SCV  
  30  4:26  Command Center  
  30  4:34  SCV  
  30  4:37  Fusion Core  
  31  4:52  SCV  
  29  5:04  SCV  
  30  5:12  Supply Depot  
  30  5:16  SCV  
  30  5:32  SCV  
  27  5:38  Command Center  
  27  5:44  Starport Reactor  
  27  5:45  Barracks  
  27  5:47  Barracks  
  27  5:50  SCV  
  28  6:02  SCV  
  28  6:04  Factory  
  29  6:06  Marine  
  30  6:14  Orbital Command  
  30  6:15  SCV  
  31  6:26  Marine  
  31  6:27  Starport Reactor, SCV  
  34  6:40  Marine, SCV  
  35  6:47  Supply Depot  
  35  6:49  Marine  
  35  6:53  Orbital Command  
  33  6:56  SCV x2  
  32  7:02  Marine  
  32  7:08  SCV x2  
  34  7:10  Starport Reactor  
  34  7:11  Marine  
Show
View Real Time Build Order
Export as new Build Order

Scarlett Zerg - Winner!

Build Orders: Pool First, Ravager All-In 

Get SALT Encoding   

  12  0:00  Drone  
  13  0:12  Overlord  
  13  0:18  Drone  
  14  0:31  Drone x2  
  16  0:36  Drone  
  16  0:41  Extractor  
  16  0:45  Drone  
  17  0:50  Spawning Pool  
  17  0:56  Drone  
  17  1:07  Drone  
  18  1:21  Hatchery  
  17  1:39  Roach Warren  
  16  1:40  Zergling x2  
  16  1:41  Zergling x2  
  18  1:51  Queen  
  20  1:59  Overlord  
  19  2:15  Extractor  
  19  2:18  Roach x2  
  19  2:21  Roach  
  24  2:30  Roach  
  26  2:39  Ravager  
  26  2:43  Ravager  
  28  2:46  Drone x2  
  29  2:54  Drone x2  
  31  3:05  Ravager  
  32  3:09  Drone x3  
  35  3:18  Overlord  
  35  3:26  Spore Crawler  
  35  3:27  Ravager  
  36  3:39  Roach x2  
  40  3:43  Drone x3  
  43  3:50  Overlord  
  40  4:11  Ravager x2  
  40  4:15  Lair  
  40  4:16  Queen  
  44  4:17  Drone x3  
  47  4:31  Drone x4  
  48  4:47  Drone x4  
  49  4:53  Drone x2  
  49  4:55  Overlord  
  49  4:56  Metabolic Boost  
  51  5:00  Extractor, Queen  
  51  5:01  Extractor  
  51  5:04  Drone  
  52  5:17  Overlord  
  52  5:18  Drone x3  
  52  5:20  Spire  
  54  5:25  Overlord  
  48  5:32  Drone x6  
  51  5:49  Overseer  
  51  5:54  Drone  
  51  5:55  Hatchery, Spore Crawler, Zergling x2  
  51  5:56  Zergling x4  
  53  6:09  Overlord  
  53  6:26  Queen  
  53  6:28  Drone x4  
  53  6:29  Drone x2  
  60  6:33  Drone  
  60  6:34  Mutalisk  
  60  6:35  Mutalisk x4  
  69  6:44  Mutalisk  
  69  6:46  Mutalisk  
  71  6:49  Overlord  
  72  6:56  Mutalisk  
  72  6:57  Overlord  
  72  6:59  Zergling x4  
  79  7:12  Zergling x4  
Tags
 
Add a new tag
Caveats
  • Supply blocks, unpowered buildings, or Contaminate may cause inaccurate times.
  • Supply counts are checked every 10 seconds.